 Dungeon Crawl Stone Soup version 0.31-a0-145-g046c7d2549 (webtiles) character file.

Game seed: 7436448023704478802

348 NateTC the Chopper (level 6, 0/49 HPs)
             Began as a Demonspawn Fighter on June 6, 2023.
             Slain by a yak (2 damage)
             ... on level 5 of the Dungeon.
             The game lasted 00:04:13 (3209 turns).

NateTC the Chopper (Demonspawn Fighter)             Turns: 3209, Time: 00:04:14

Health: 0/49       AC:  8    Str: 18    XL:     6   Next: 33%
Magic:  6/6        EV:  7    Int:  9    God:
Gold:   120        SH:  5    Dex: 13    Spells: 5/5 levels left

rFire   . . .        a - +0 war axe
rCold   . . .        c - +1 buckler
rNeg    . . .        h - +0 chain mail
rPois   .            (no helmet)
rElec   .            (cloak unavailable)
rCorr   .            (no gloves)
SInv    .            (no boots)
Will    .....        (no amulet) Stlth
                     (no ring)
HPRegen 0.28/turn    (no ring)
MPRegen 0.10/turn

%: no passive effects
@: mighty
A: ignite blood 1, powered by death 1, weakness stinger 3
a: no special abilities


You were on level 5 of the Dungeon.
You visited 1 branch of the dungeon, and saw 5 of its levels.

You collected 120 gold pieces.

Inventory:

Hand Weapons
 a - a +0 war axe (weapon)
Armour
 c - a +1 buckler (worn)
 g - a +1 cloak
 h - a +0 chain mail (worn)
Jewellery
 m - a ring of protection from fire
Scrolls
 n - a scroll of teleportation
 p - a scroll of amnesia
Potions
 b - a potion of haste {unknown}
 e - 4 potions of mutation
 f - 2 potions of brilliance
 i - a potion of lignification {unknown}
 j - a potion of cancellation {unknown}
 k - 2 potions of degeneration {unknown}
 o - a potion of curing {unknown}


   Skills:
 + Level 4.7 Fighting
 * Level 5.1 Axes
 - Level 2.6 Armour
 - Level 2.6 Shields


You had 5 spell levels left.
You didn't know any spells.
Your spell library contained the following spells:

 Spells                   Type           Power      Damage    Failure   Level
 Sandblast                Erth           0%         2d4       99%         1
 Passwall                 Tmut/Erth      0%         N/A       100%        2
 Stone Arrow              Conj/Erth      0%         3d7       100%        3


Dungeon Overview and Level Annotations

Branches:
Dungeon (5/15) Zot: 26711
 Temple: D:4-7

Altars:
Ashenzari
Makhleb
Nemelex Xobeh
Ru

Annotations:
D:4 1 runed translucent door, Crazy Yiuf


Innate Abilities, Weirdness & Mutations

Your demonic aura sometimes causes spilled blood to erupt in flames.
You regenerate a little health from kills.
You have a sharp stinger which inflicts weakening toxins.


Message History

(D) Dungeon
Where to? (Enter - D:4, ? - help)
There is a stone staircase leading down here.
You climb downwards.
The yak bellows! x5
Found 15 gold pieces and a ring of ice.
Found a stone staircase leading down.
There is a stone staircase leading up here.
There are monsters nearby!
Okay, then.
Okay, then.
You can't wear that with your sharp stinger!
You hit the yak but do no damage.
You tail-slap the yak, but do no damage.
The yak closely misses you.
You hit the yak but do no damage. x2; The yak gores you but does no damage.
You hit the yak but do no damage. You barely miss the yak.
The yak gores you! x2
You slash the yak!
The yak is moderately wounded.
You barely miss the yak. You hit the yak but do no damage. The yak gores you.
The yak is engulfed in blazing flames.
The yak barely misses you. The yak gores you!
* * * LOW HITPOINT WARNING * * *
You block the yak's attack.
The yak is engulfed in blazing flames.
You are too injured to fight recklessly!
You are too injured to fight recklessly!
You are too injured to fight recklessly!
You feel much better. The yak barely misses you. You block the yak's attack.
The yak gores you but does no damage. The yak gores you.
You feel very mighty all of a sudden. The yak gores you but does no damage.
You block the yak's attack. x2
The yak gores you! You block the yak's attack.
Okay, then.
You feel much better. The yak gores you! The yak gores you but does no damage.
The yak gores you! The yak barely misses you. You block the yak's attack.
You barely miss the yak. You slash the yak! You hit the yak.
You barely miss the yak. x2; You block the yak's attack.
The yak is engulfed in blazing flames.
The yak gores you!
* * * LOW HITPOINT WARNING * * *
The yak gores you.
You die...

########
#......#
#......#
#....Y.#
#.$..Y@#
......YYY..#
##.....Y##.#
#......# ..
#...=..# ..#
#..>...# .#
#......# #
########


You could see 6 yaks.

Vanquished Creatures
  A hound (D:4)
  2 orc priests
  2 iguanas (D:4)
  Jessica (D:2)
  2 orc wizards
  2 adders
  5 worms
  4 dart slugs
  11 orcs
  4 endoplasms
  3 giant cockroaches
  5 goblins
  6 hobgoblins
  4 jackals (D:1)
  3 kobolds
  3 quokkas
  5 ball pythons
  7 bats
  2 frilled lizards
  5 rats
77 creatures vanquished.

Notes
Turn   | Place    | Note
-------+----------+-------------------------------------------
     0 | D:1      | NateTC the Demonspawn Fighter began the quest for the Orb.
     0 | D:1      | Reached XP level 1. HP: 18/18 MP: 1/1
   103 | D:1      | Reached skill level 2 in Axes
   113 | D:1      | Gained mutation: You have a small tail. [demonic ancestry]
   113 | D:1      | Reached XP level 2. HP: 22/24 MP: 2/2
   770 | D:1      | Gained mutation: You have a tail ending in a sharp stinger.
                  | [demonic ancestry]
   770 | D:1      | Reached XP level 3. HP: 29/29 MP: 3/3
  1247 | D:2      | Reached skill level 3 in Axes
  1386 | D:2      | Noticed Jessica
  1391 | D:2      | Killed Jessica
  1392 | D:2      | Gained mutation: You have a sharp stinger which inflicts
                  | weakening toxins. [demonic ancestry]
  1392 | D:2      | Reached XP level 4. HP: 35/37 MP: 4/4
  1954 | D:3      | Reached skill level 4 in Axes
  1954 | D:3      | Gained mutation: You regenerate a little health from kills.
                  | [demonic ancestry]
  1954 | D:3      | Reached XP level 5. HP: 40/42 MP: 5/5
  2006 | D:3      | Found a sacrificial altar of Ru.
  2347 | D:3      | Found a sparkling altar of Nemelex Xobeh.
  2522 | D:3      | Found a broken altar of Ashenzari.
  2655 | D:4      | Gained mutation: Your demonic aura sometimes causes spilled
                  | blood to erupt in flames. [demonic ancestry]
  2655 | D:4      | Reached XP level 6. HP: 42/49 MP: 6/6
  2673 | D:4      | Reached skill level 5 in Axes
  2871 | D:4      | Found a burning altar of Makhleb.
  3054 | D:4      | Found a runed translucent door.
  3055 | D:4      | Noticed Crazy Yiuf
  3200 | D:5      | Entered Level 5 of the Dungeon
  3200 | D:5      | Noticed a yak
  3200 | D:5      | Noticed a yak
  3200 | D:5      | Noticed a yak
  3200 | D:5      | Noticed a yak
  3200 | D:5      | Noticed a yak
  3200 | D:5      | Noticed a yak
  3209 | D:5      | HP: 2/49 [yak (14)]
  3209 | D:5      | Slain by a yak

Illustrated notes

Levels and vault maps discovered:
D:1:      dpeg_arrival_brainrot, layout_loops_corners, serial_park_tiny_pond
D:2:      layout_loops_ring, basic_altar, minmay_worlds_worst_comb, uniq_jessica
D:3:      layout_basic, pf_just_have_faith, nemelex_diamond_rough_becter,
          nicolae_ru_the_path_less_chosen
D:4:      layout_basic, gammafunk_temple_overflow_statue, columned_hall_lemuel,
          uniq_crazy_yiuf_cottage
D:5:      layout_basic, grunt_decor_clamped, uniq_duvessa

Skill      XL: |  1  2  3  4  5  6 |
---------------+-------------------+-----
Axes           | 2 3 4 5 |  5.1
Fighting       | 4 |  4.7
Armour         | |  2.6
Shields        | |  2.6

Action                     |  1- 3 |  4- 6 || total
---------------------------+-------+-------++-------
  Melee: War axe           |    91 |   130 ||   221
         Tailslap          |     8 |    14 ||    22
    Use: Scroll            |     5 |     4 ||     9
         Potion            |       |     3 ||     3
 Armour: Scale mail        |    13 |       ||    13
         Chain mail        |    43 |    55 ||    98
  Dodge: Dodged            |    33 |    49 ||    82
  Block: Buckler           |    25 |    28 ||    53

Table legend: (Time is in decaauts)
 A = Elapsed time spent in this place.
 B = Non-inter-level travel time spent in this place.
 C = Inter-level travel time spent in this place.
 D = Time resting spent in this place.
 E = Time spent auto-exploring this place.
 F = Levels seen in this place.
 G = Mean time per level.
                   A        B        C        D        E       F      G
               +--------+--------+--------+--------+--------+-----+--------+
         Total |   3287 |   3127 |    160 |     70 |   2487 |   5 |  657.4 |
       Dungeon |   3287 |   3127 |    160 |     70 |   2487 |   5 |  657.4 |
               +--------+--------+--------+--------+--------+-----+--------+

Top non-repeatable levels by time:
     D:1: 1107 daAuts
     D:2: 800 daAuts
     D:3: 745 daAuts
     D:4: 624 daAuts
     D:5: 9 daAuts
